 Dungeon Crawl Stone Soup version 0.31.0-12-g77e489cdc1 (webtiles) character file.

Game seed: 7394579267570801892

84 KKCryptic the Trooper (level 4, 0/40 HPs)
             Began as a Minotaur Fighter on Feb 13, 2024.
             Was a Follower of Elyvilon.
             Killed by nerve-wracking pain
             ... invoked by Grinder
              (9 damage)
             ... on level 3 of the Dungeon.
             The game lasted 00:04:57 (1216 turns).

KKCryptic the Trooper (Minotaur Fighter)            Turns: 1216, Time: 00:04:57

Health: 0/40       AC:  8    Str: 23    XL:     4   Next: 23%
Magic:  12/12      EV: 10    Int:  5    God:    Elyvilon [*.....]
Gold:   98         SH:  4    Dex:  9    Spells: 3/3 levels left

rFire   . . .        a - +0 war axe
rCold   . . .        c - +0 buckler
rNeg    . . .        b - +0 scale mail
rPois   .            (helmet restricted)
rElec   .            g - +0 cloak
rCorr   .            (no gloves)
SInv    .            (no boots)
Will    .....        o - amulet of magic regeneration Stlth
                     r - ring of magical power
HPRegen 0.26/turn    v - ring of flight
MPRegen 0.53/turn

%: no passive effects
@: flying
A: horns 2, retaliatory headbutt
a: Renounce Religion, Purification


You were on level 3 of the Dungeon.
You worshipped Elyvilon.
Elyvilon was aware of your devotion.
You visited 1 branch of the dungeon, and saw 3 of its levels.

You collected 98 gold pieces.

Inventory:

Hand Weapons
 a - a +0 war axe (weapon)
Missiles
 j - 2 poisoned darts (quivered)
 l - 2 throwing nets
Armour
 b - a +0 scale mail (worn)
 c - a +0 buckler (worn)
 g - a +0 cloak (worn)
Jewellery
 o - an amulet of magic regeneration (around neck)
 r - a ring of magical power (left hand)
 v - a ring of flight (right hand)
Scrolls
 e - a scroll of immolation {unknown}
 f - 4 scrolls of teleportation
 h - a scroll of enchant weapon {unknown}
 i - a scroll of amnesia {unknown}
 m - a scroll of brand weapon {unknown}
 q - a scroll of enchant armour {unknown}
 t - a scroll of identify {unknown}
 u - a scroll of poison
 w - a scroll of noise {unknown}
Potions
 d - a potion of might
 k - a potion of lignification {unknown}
 n - a potion of haste {unknown}
 p - a potion of cancellation {unknown}
 s - a potion of curing {unknown}


   Skills:
 + Level 4.2 Fighting
 * Level 3.9 Axes
 + Level 4.2 Armour
 + Level 1.6 Dodging
 - Level 3.6 Shields


You had 3 spell levels left.
You didn't know any spells.
Your spell library contained the following spells:

 Spells                   Type           Power      Damage    Failure   Level
 Kiss of Death            Conj/Necr      0%         2d5       85%         1
 Confusing Touch          Hex            0%         N/A       99%         3
 Dispel Undead            Necr           0%         3d6       100%        4


Dungeon Overview and Level Annotations

Branches:
Dungeon (3/15)

Altars:
Elyvilon

Shops:
D:1 (

Annotations:
D:3 Grinder


Innate Abilities, Weirdness & Mutations

You have a pair of horns on your head.
You reflexively headbutt those who attack you in melee.


Message History

Grinder shouts!
Grinder blinks!
There is an open door here.
Throw: 3 darts (poison)
Press: ? - help, Q - select action, (/) - cycle Shift-Dir - straight line, f - Grinder
Aim: Grinder (47% to hit)
You throw a poisoned dart.
The poisoned dart closely misses Grinder.
Grinder gestures at you.
You barely resist.
Press: ? - help, v - describe, . - travel A rock wall.
Grinder blinks!
Grinder hits you but does no damage.
You barely miss Grinder. Grinder closely misses you.
You barely miss Grinder. Your headbutt misses Grinder.
Grinder barely misses you.
Grinder blinks!
You slash Grinder!
Grinder is moderately wounded.
Grinder closely misses you.
You closely miss Grinder.
Grinder is moderately wounded.
Grinder hits you!
You writhe in agony.
You slash Grinder!
Grinder is severely wounded.
Grinder blinks!
Grinder gestures at you.
You suddenly lose the ability to move!
Grinder hits you.
You writhe in agony.
Grinder gestures at you. You resist with significant effort.
Grinder gestures at you. Pain shoots through your body!
* * * LOW HITPOINT WARNING * * *
Grinder blinks!
You can move again.
Grinder gestures at you. Pain shoots through your body!
You die...
Grinder says, "Hey, I wasn't done torturing you yet!"

...........+.........+
###.#...####.........#
#......# #.......#
#..###.# #.....#
#....#.# #..†#
##.#.#.# #'#
#..<..#######§#
###.#.........#
#.#.#######@## #.#.#
##..5##
#.#.#####.....#####
#.<.[...##.........
###.###.###.....###
#.# #.###....##
#.###.......##
#.........###
###########


You could see Grinder.

Vanquished Creatures
  A bombardier beetle (D:2)
  An adder (D:2)
  3 dart slugs
  5 bats
  5 endoplasms
  A giant cockroach (D:1)
  3 goblins
  4 hobgoblins
  3 quokkas (D:1)
  4 ball pythons
  2 kobolds (D:1)
  6 rats
38 creatures vanquished.

Notes
Turn   | Place    | Note
-------+----------+-------------------------------------------
     0 | D:1      | KKCryptic the Minotaur Fighter began the quest for the Orb.
     0 | D:1      | Reached XP level 1. HP: 19/19 MP: 0/0
    47 | D:1      | Reached XP level 2. HP: 24/27 MP: 1/1
   159 | D:1      | Found Goyschi's Antique Weapon Shoppe.
   206 | D:1      | Reached skill level 1 in Dodging
   450 | D:1      | Reached XP level 3. HP: 33/33 MP: 2/2
   538 | D:2      | Found a white marble altar of Elyvilon.
   546 | D:2      | Became a worshipper of Elyvilon the Healer
   706 | D:2      | Reached XP level 4. HP: 37/40 MP: 3/3
  1164 | D:3      | Reached * piety under Elyvilon
  1175 | D:3      | Noticed Grinder
  1211 | D:3      | Paralysed by Grinder for 5 turns
  1216 | D:3      | Killed from afar by Grinder

Illustrated notes

Levels and vault maps discovered:
D:1:      eino_arrival_tree_alley, layout_rooms, serial_shops, shop
D:2:      layout_basic, basic_altar, minmay_fractal_squares_gapless_5
D:3:      layout_loops_corners, uniq_crazy_yiuf_cottage, uniq_grinder

Skill      XL: |  1  2  3 |
---------------+----------+-----
Axes           | 3 |  3.9
Dodging        | 1 |  1.6
Fighting       | 4 |  4.2
Armour         | 4 |  4.2
Shields        | |  3.6

Action                     |  1- 3 |  4- 6 || total
---------------------------+-------+-------++-------
  Melee: War axe           |    62 |    17 ||    79
         Headbutt          |     4 |     2 ||     6
  Throw: Dart              |       |     1 ||     1
    Use: Scroll            |     1 |     1 ||     2
 Armour: Scale mail        |    52 |     5 ||    57
  Dodge: Dodged            |    42 |    10 ||    52
  Block: Buckler           |    11 |     5 ||    16
